 Dungeon Crawl Stone Soup version 0.31-a0-1074-g0b22e4e0f1 (webtiles) character file.

Game seed: 16378907918295932891

37 monsoonserge the Charlatan (level 3, 0/23 HPs)
             Began as an Octopode Artificer on Dec 6, 2023.
             Slain by a hobgoblin
             ... wielding a +0 spear
              (6 damage)
             ... on level 2 of the Dungeon.
             The game lasted 00:02:50 (1010 turns).

monsoonserge the Charlatan (Octopode Artificer)     Turns: 1010, Time: 00:02:51

Health: 0/23       AC:  1    Str: 13    XL:     3   Next: 39%
Magic:  3/3        EV: 13    Int: 13    God:
Gold:   50         SH:  0    Dex: 12    Spells: 2/2 levels left

rFire   . . .        i - +0 hand axe
rCold   . . .        (no shield)
rNeg    . . .        (helmet restricted)
rPois   .            (no amulet)
rElec   .            (no ring)
rCorr   .            (no ring)
SInv    .            (no ring)
Will    .....        (no ring)
Stlth   +++          (no ring)
HPRegen 0.23/turn    (no ring)
MPRegen 0.08/turn    (no ring)
                     (no ring)

%: no passive effects
@: no status effects
A: almost no armour, amphibious, 8 rings, camouflage 1, gelatinous body 1,
(nimble swimmer 1), tentacles
a: no special abilities


You were on level 2 of the Dungeon.
You visited 1 branch of the dungeon, and saw 2 of its levels.

You collected 50 gold pieces.

Inventory:

Hand Weapons
 i - a +0 hand axe (weapon)
Magical Staves
 g - a staff of air
Wands
 b - a wand of flame (15) (quivered)
 c - a wand of charming (15)
 d - a wand of iceblast (5)
Scrolls
 f - a scroll of amnesia {unknown}
 h - a scroll of immolation {unknown}
Potions
 a - 2 potions of invisibility {unknown}
 e - a potion of heal wounds {unknown}


   Skills:
 - Level 1.0 Fighting
 - Level 3.0 Dodging
 + Level 1.5 Stealth
 * Level 1.2 Unarmed Combat
 - Level 4.0 Evocations


You had 2 spell levels left.
You didn't know any spells.
Your spell library contained the following spells:

 Spells                   Type           Power      Damage    Failure   Level
 Sting                    Tmut/Pois      0%         1d3       30%         1
 Poisonous Vapours        Pois/Air       0%         N/A       43%         2
 Olgreb's Toxic Radiance  Pois           0%         N/A       97%         4


Dungeon Overview and Level Annotations

Branches:
Dungeon (2/15)

Altars:


Innate Abilities, Weirdness & Mutations

You cannot wear most types of armour.
You are amphibious.
You can wear up to eight rings at the same time.
Your skin changes colour to match your surroundings (Stealth+).
Your rubbery body absorbs attacks. (AC +1, EV +1)
((You are camouflaged when in or above water. (Stealth+)))
You have tentacles for arms and can constrict up to eight enemies at once.


Message History

You hit the quokka but do no damage. Your grab misses the quokka.
Your squeeze misses the quokka. The quokka bites you.
The kobold hits you with a +0 short sword.
You miss the quokka. You grab the quokka. You squeeze the quokka.
The quokka is heavily wounded.
You closely miss the kobold. You constrict the quokka.
You kill the quokka!
The kobold barely misses you.
A hobgoblin comes into view. It is wielding a +0 spear.
The hobgoblin shouts!
You hit the kobold. You grab the kobold. You tentacle-slap the kobold.
You kill the kobold!
You barely miss the hobgoblin. The hobgoblin misses you.
Unknown command.
You hit the hobgoblin but do no damage. Your grab misses the hobgoblin.
The hobgoblin barely misses you. x2
You hit the hobgoblin. You grab the hobgoblin.
The hobgoblin is moderately wounded.
You constrict the hobgoblin.
A rat comes into view.
The hobgoblin struggles to escape constriction.
You hit the hobgoblin but do no damage. You squeeze the hobgoblin.
You kill the hobgoblin!
Training target 4.0 for Evocations reached!
Your Evocations skill increases to level 4!
The hobgoblin hits you from afar with a +0 spear.
The rat bites you. The hobgoblin misses you.
You barely miss the hobgoblin. You grab the hobgoblin. You hit the rat.
You kill the rat!
You constrict the hobgoblin, but do no damage.
The hobgoblin barely misses you. The hobgoblin hits you with a +0 spear.
* * * LOW HITPOINT WARNING * * *
You hit the hobgoblin but do no damage.
You constrict the hobgoblin, but do no damage.
The hobgoblin closely misses you.
Unknown command.
You hit the hobgoblin but do no damage. You squeeze the hobgoblin.
The hobgoblin is moderately wounded.
You constrict the hobgoblin. The hobgoblin hits you with a +0 spear.
You die...

#### ## #.. .#
#.#####>###
#<........#
##.####....###.
####......†.......
.....$.......@g...=..
#####....#...)...####
#....+.....#.#
#....####.## # #.....
#... ###+## #..#.
#... # #.$(.


You could see a hobgoblin.

Vanquished Creatures
  A dart slug (D:1)
  4 bats
  2 endoplasms (D:1)
  2 giant cockroaches (D:1)
  5 goblins (D:1)
  2 hobgoblins
  2 jackals (D:1)
  4 kobolds
  2 quokkas
  2 ball pythons (D:1)
  4 rats
30 creatures vanquished.

Notes
Turn   | Place    | Note
-------+----------+-------------------------------------------
     0 | D:1      | monsoonserge the Octopode Artificer began the quest for the
                  | Orb.
     0 | D:1      | Reached XP level 1. HP: 13/13 MP: 1/1
   104 | D:1      | Reached XP level 2. HP: 2/18 MP: 2/2
   598 | D:1      | Reached XP level 3. HP: 23/23 MP: 3/3
   660 | D:1      | Reached skill level 1 in Unarmed Combat
  1006 | D:2      | Reached skill level 4 in Evocations
  1010 | D:2      | Slain by a hobgoblin

Illustrated notes

Levels and vault maps discovered:
D:1:      saegor_arrival_simple_a, layout_basic, minivault_25
D:2:      layout_basic, serial_undead, serial_undead_f, serial_undead_b,
          serial_undead_c, serial_undead_b, uniq_sigmund

Skill      XL: |  1  2  3 |
---------------+----------+-----
Dodging        | 3 |  3.0
Unarmed Combat | 1 |  1.2
Evocations     | 4 |  4.0
Fighting       | |  1.0
Stealth        | |  1.5

Action                     || total
---------------------------++-------
  Melee: Dagger            ||    18
         Constrict         ||    19
         Club              ||     5
         Tentacles         ||    14
         Short sword       ||    32
         Hand axe          ||    12
         Punch             ||     1
   Stab: Sleeping          ||     3
 Armour: Skin              ||    45
  Dodge: Dodged            ||    58

Table legend: (Time is in decaauts)
 A = Elapsed time spent in this place.
 B = Non-inter-level travel time spent in this place.
 C = Inter-level travel time spent in this place.
 D = Time resting spent in this place.
 E = Time spent auto-exploring this place.
 F = Levels seen in this place.
 G = Mean time per level.
                   A        B        C        D        E       F      G
               +--------+--------+--------+--------+--------+-----+--------+
         Total |   1013 |   1000 |     13 |    151 |    580 |   2 |  506.5 |
       Dungeon |   1013 |   1000 |     13 |    151 |    580 |   2 |  506.5 |
               +--------+--------+--------+--------+--------+-----+--------+

Top non-repeatable levels by time:
     D:1: 989 daAuts
     D:2: 24 daAuts
